 Dungeon Crawl Stone Soup version 0.26.0-45-g9c1d065592 (webtiles) character file.

Game seed: 18320750226654566958

50 BOMJPIETVODKU the Shield-Bearer (level 3, 0/19 HPs)
             Began as a Vine Stalker Fighter on Jan 28, 2021.
             Succumbed to an adder's poison
             ... on level 2 of the Dungeon.
             The game lasted 00:04:30 (1144 turns).

BOMJPIETVODKU the Shield-Bearer (VSFi)              Turns: 1144, Time: 00:04:30

Health: 0/19       AC:  4    Str: 19    XL:     3   Next: 79%
Magic:  2/4        EV:  8    Int:  8    God:
Gold:   111        SH:  9    Dex: 13    Spells: 2/2 levels left

rFire    . . .     SeeInvis .   a - +0 long sword
rCold    . . .     Faith    .   c - +0 kite shield
rNeg     . . .     Spirit   +   h - +0 troll leather armour
rPois    .         Reflect  .   (no helmet)
rElec    .         Harm     .   (no cloak)
rCorr    .         Rampage  .   (no gloves)
Will     .....                  (no boots)
Stlth    +.........             (no amulet)
HPRegen  0.46/turn              (no ring)
MPRegen  0.09/turn              (no ring)

@: lethally poisoned (0 -> -1), hasted, very quick
A: fangs 2, magic shield, antimagic bite, no potion heal 3
a: no special abilities


You were on level 2 of the Dungeon.
You visited 1 branch of the dungeon, and saw 2 of its levels.

You collected 111 gold pieces.

Inventory:

Hand Weapons
 a - a +0 long sword (weapon)
Armour
 b - a +0 scale mail
 c - a +0 kite shield (worn)
 h - a +0 troll leather armour (worn)
Scrolls
 e - a scroll of fog {unknown}
 f - 3 scrolls of enchant armour {unknown}
 j - a scroll of immolation {unknown}
 k - a scroll of teleportation {unknown}
 l - a scroll of magic mapping {unknown}
 m - a scroll of fear {unknown}
Potions
 d - a potion of might
 i - a potion of curing {unknown}


   Skills:
 + Level 2.9 Fighting
 * Level 2.4 Long Blades
 + Level 2.7 Armour
 + Level 0.3 Dodging
 + Level 2.9 Shields
 * Level 1.2 Unarmed Combat


You had 2 spell levels left.
You didn't know any spells.
Your spell library was empty.

Dungeon Overview and Level Annotations

Branches:
Dungeon (2/15)

Altars:
Sif Muna


Innate Abilities, Weirdness & Mutations

You have extremely sharp teeth.
When hurt, damage is shared between your health and your magic reserves.
Your bite disrupts and absorbs the magic of your enemies.
Potions cannot restore your health.


Message History

The adder is severely wounded.
You feel sick. You block the adder's attack. The adder bites you.
You are more poisoned.
The adder poisons you!
You feel sick.
You feel sick.
There is an open door here.
You feel sick. The adder barely misses you.
There is a shimmering blue altar of Sif Muna here.
You feel sick.
There is an open door here.
You feel sick.
You feel sick.
You feel sick. The adder barely misses you.
You feel sick.
You feel sick. The adder bites you.
* * * LOW HITPOINT WARNING * * *
It was a potion of haste.
You feel yourself speed up.
You die...

# #..................##.#
#########..########........##.###
.†.........## ####..............
............# #...........##.###
###########.# #.##....>...#..# #
#.# #.##........#.## # #.##
#.##........##### # #..#
#.####.######≈≈≈## ### ##.#
#@###†#.###≈≈≈≈≈.. #.#
#.###S##.###.#≈≈≈≈≈≈.. #.#
#.##....## ###≈≈≈≈≈... #.#
###.##.###.###.#≈≈≈≈≈≈.. #
#.........#.#.##≈≈≈≈≈... #
#..###.###.#..###≈≈≈≈≈≈.. .. #..
#.# #.#.## ##≈≈≈.... ### ...
#'###.#.# ###≈≈≈## # ###.
+_###...# #####


You could see an adder.

Vanquished Creatures
  An adder (D:2)
  2 dart slugs (D:1)
  A leopard gecko (D:2)
  7 bats
  3 giant cockroaches
  3 goblins
  A hobgoblin (D:1)
  4 jackals (D:1)
  6 kobolds
  5 rats
33 creatures vanquished.

Notes
Turn   | Place    | Note
-------+----------+-------------------------------------------
     0 | D:1      | BOMJPIETVODKU the Vine Stalker Fighter began the quest for
                  | the Orb.
     0 | D:1      | Reached XP level 1. HP: 11/11 MP: 2/2
   104 | D:1      | Reached XP level 2. HP: 11/16 MP: 1/3
   493 | D:1      | Reached skill level 1 in Unarmed Combat
   508 | D:1      | Reached XP level 3. HP: 19/19 MP: 4/4
  1103 | D:2      | Found a shimmering blue altar of Sif Muna.
  1144 | D:2      | Succumbed to an adder's poison

Illustrated notes

Levels and vault maps discovered:
D:1:      minmay_arrival_arboretum_large, layout_loops_ring
D:2:      layout_loops_ring, lemuel_doored_altar, serial_aquarium,
          aquarium_bridge_island_small [aquarium_subvault_small_open,
          aquarium_subvault_window, aquarium_subvault_bridge,
          aquarium_subvault_bridge, aquarium_subvault_wall],
          aquarium_window_corner, aquarium_window_corner, aquarium_window_fake,
          aquarium_window_corner, aquarium_view_2c, aquarium_view_2d,
          aquarium_balcony_double_1, aquarium_pool_1, nicolae_underground_beach

Skill      XL: |  1  2 |
---------------+-------+-----
Long Blades    | 2 |  2.4
Unarmed Combat | 1 |  1.2
Fighting       | |  2.9
Armour         | |  2.7
Dodging        | |  0.3
Shields        | |  2.9

Action                   || total
-------------------------++-------
Melee: Long sword        ||    72
       Bite              ||    24
  Use: Potion            ||     1
Armor: Troll leather arm ||    36
       Scale mail        ||     1
Dodge: Dodged            ||    30
Block: Kite shield       ||    43
       Rpst.: Long sword ||    13
